 Dungeon Crawl Stone Soup version 0.21-a0-274-gc1afaeb (webtiles) character file.

218 motkurip the Covered (level 5, -9/34 HPs)
             Began as a Gargoyle Fighter on Sept 19, 2017.
             Mangled by an ogre
             ... wielding a +0 giant spiked club
              (19 damage)
             ... on level 4 of the Dungeon.
             The game lasted 00:05:19 (1804 turns).

motkurip the Covered (Gargoyle Fighter)             Turns: 1804, Time: 00:05:20

Health: -9/34      AC: 12    Str: 19    XL:     5   Next: 95%
Magic:  5/5        EV:  7    Int:  9    God:
Gold:   144        SH:  9    Dex: 10    Spells: 4/4 levels left

rFire    . . .     SeeInvis .   a - +0 rapier
rCold    + . .     Gourm    .   c - +0 shield
rNeg     + . .     Faith    .   b - +0 scale mail
rPois    ∞         Spirit   .   (no helmet)
rElec    +         Reflect  .   l - +0 cloak (curse)
rCorr    .         Harm     .   (no gloves)
MR       .....                  (no boots)
Stlth    ..........             (no amulet)
HPRegen  0.11/turn              v - ring of protection from cold
MPRegen  0.09/turn              (no ring)

@: no status effects
A: negative energy resistance 1, electricity resistance, unbreathing,
petrification resistance, rot immunity, AC +4
a: no special abilities


You were on level 4 of the Dungeon.
You were not hungry.

You visited 1 branch of the dungeon, and saw 4 of its levels.

You collected 144 gold pieces.

Inventory:

Hand Weapons
 a - a +0 rapier (weapon)
 s - a +1 dagger of speed
Armour
 b - a +0 scale mail (worn)
 c - a +0 shield (worn)
 l - a cursed +0 cloak (worn)
Jewellery
 g - an uncursed ring of ice
 v - a ring of protection from cold (left hand)
Wands
 q - a wand of digging (12/24)
Scrolls
 j - a scroll of identify {unknown}
 k - 3 scrolls of blinking {unknown}
 m - a scroll of amnesia {unknown}
 n - 3 scrolls of remove curse {unknown}
 t - a scroll of magic mapping {unknown}
 u - 2 scrolls of fear {unknown}
Potions
 d - a potion of might
 e - 3 potions of degeneration {unknown}
 h - 3 potions of magic {unknown}
 p - a potion of haste {unknown}
 r - a potion of lignification {unknown}
Comestibles
 f - 3 bread rations
 i - 3 fruits
 o - a meat ration


   Skills:
 + Level 4.3 Fighting
 - Level 3.0 Short Blades
 + Level 4.6 Armour
 + Level 4.4 Shields


You had 4 spell levels left.
You didn't know any spells.

Dungeon Overview and Level Annotations

Branches:
Dungeon (4/15)
 Temple: D:4-7

Altars:


Innate Abilities, Weirdness & Mutations

You are resistant to torment.
Your stone body is resilient. (AC +4)
You are immune to poison.
You resist negative energy. (rN+)
You are resistant to electric shocks. (rElec)
You can survive without breathing.
You are immune to petrification.
You are immune to rotting.


Message History

You hit the ogre.
The ogre is moderately wounded.
You block the ogre's attack.
You hit the ogre.
The ogre is heavily wounded.
You block the ogre's attack.
You closely miss the ogre.
The ogre is heavily wounded.
The ogre hits you with a giant spiked club!
* * * LOW HITPOINT WARNING * * *
You barely miss the ogre.
The ogre is heavily wounded.
You hit the ogre.
The ogre is heavily wounded.
You block the ogre's attack.
You hit the ogre but do no damage.
The ogre is heavily wounded.
The ogre hits you with a giant spiked club!!
Ouch! That really hurt!
You die...

#########..#.......
..###
.......)...#...:...
..
.......))..#.....(.
...........#.......
...........#.......
...........#.......
##.........'.......
#.........#.......
#....####@#.......
######...O.....###
#.........#
#.........#
#.........#
#.........#
......##+##
.......#


You could see an ogre.

Vanquished Creatures
  An orc wizard (D:4)
  Crazy Yiuf (D:3)
  9 adders
  2 oozes
  A worm (D:3)
  3 dart slugs
  2 leopard geckos (D:3)
  3 orcs
  A ball python (D:1)
  7 goblins
  5 hobgoblins
  4 jackals (D:2)
  8 kobolds
  10 bats
  A frilled lizard (D:2)
  5 rats
63 creatures vanquished.

Notes
Turn   | Place    | Note
-------+----------+-------------------------------------------
     0 | D:1      | motkurip the Gargoyle Fighter began the quest for the Orb.
     0 | D:1      | Reached XP level 1. HP: 14/14 MP: 1/1
   171 | D:1      | Reached XP level 2. HP: 19/19 MP: 2/2
   455 | D:2      | Reached XP level 3. HP: 19/24 MP: 3/3
   621 | D:2      | Reached XP level 4. HP: 29/29 MP: 4/4
  1130 | D:3      | Found a runed door.
  1134 | D:3      | Noticed Crazy Yiuf
  1144 | D:3      | Killed Crazy Yiuf
  1144 | D:3      | Reached XP level 5. HP: 25/33 MP: 5/5
  1790 | D:4      | Noticed an ogre
  1804 | D:4      | Mangled by an ogre

Vault maps used:
D:1:      dpeg_arrival_arbitrary_c, supply_closet_lemuel
D:2:      lemuel_zombie_altar_yredelemnul
D:3:      first_bread, serial_co_window_serial, co_window_paths_b,
          co_window_paths_a, co_window_paths_a, co_window_corner_a,
          co_window_paths_a, co_window_paths_b, co_window_of_opportunity_c,
          co_window_cross_4, co_window_corner_ca, co_window_broadway_c,
          glass_columns_b, glass_columns_c, glass_columns_b, glass_columns_c,
          glass_columns_b, grunt_ministairs_13, uniq_crazy_yiuf_cottage

Skill      XL: |  1  2  3  4  5 |
---------------+----------------+-----
Short Blades   | 2 3 |  3.0
Shields        | 4 |  4.4
Armour         | 4 |  4.6
Fighting       | 4 |  4.3

Action                   |  1- 3 |  4- 6 || total
-------------------------+-------+-------++-------
Melee: Rapier            |    70 |   104 ||   174
       Dagger            |       |    92 ||    92
  Eat: Chunk             |       |     3 ||     3
Armor: Scale mail        |    35 |    80 ||   115
Dodge: Dodged            |    15 |    31 ||    46
Block: Shield            |    30 |    66 ||    96

Table legend:
 A = Spawn XP
 B = Non-spawn XP
 C = Spawn XP percentage of total XP
 D = Spawn monster count
 E = Non-spawn monster count
 F = Spawn count percentage of total count
 G = Total turns spent on level
                    A         B        C        D         E        F      G
               +---------+---------+-------+---------+---------+-------+---------
         Total |       0 |     312 |   0.0 |       0 |      63 |   0.0 |  1804
               +---------+---------+-------+---------+---------+-------+---------
           D:1 |       0 |      32 |   0.0 |       0 |      14 |   0.0 |   438
           D:2 |       0 |      94 |   0.0 |       0 |      21 |   0.0 |   535
           D:3 |       0 |     121 |   0.0 |       0 |      23 |   0.0 |   614
           D:4 |       0 |      65 |   0.0 |       0 |       5 |   0.0 |   217
               +---------+---------+-------+---------+---------+-------+---------
